 Dungeon Crawl Stone Soup version 0.27.0-65-ge2af304b15 (webtiles) character file.

Game seed: 18161226060662538801

10 Amplified the Poker (level 2, -10/24 HPs)
             Began as a Demigod Gladiator on Aug 18, 2021.
             Mangled by a gnoll (12 damage)
             ... on level 2 of the Dungeon.
             The game lasted 00:01:00 (112 turns).

Amplified the Poker (Demigod Gladiator)              Turns: 112, Time: 00:01:01

Health: -10/24     AC:  4    Str: 15    XL:     2   Next: 0%
Magic:  4/4        EV:  9    Int: 10    God:
Gold:   14         SH:  0    Dex: 15    Spells: 1/1 levels left

rFire    . . .     SeeInvis .   a - +0 trident
rCold    . . .     Faith    .   (no shield)
rNeg     . . .     Spirit   .   b - +0 leather armour
rPois    .         Reflect  .   c - +0 helmet
rElec    .         Harm     .   (no cloak)
rCorr    .         Rampage  .   (no gloves)
Will     .....                  (no boots)
Stlth    +.........             (no amulet)
HPRegen  0.08/turn              (no ring)
MPRegen  0.09/turn              (no ring)

@: constricted
A: high mp 1, forlorn
a: no special abilities


You were on level 2 of the Dungeon.
You visited 1 branch of the dungeon, and saw 2 of its levels.

You collected 14 gold pieces.

Inventory:

Hand Weapons
 a - a +0 trident (weapon)
Armour
 b - a +0 leather armour (worn)
 c - a +0 helmet (worn)


   Skills:
 * Level 2.0 Fighting
 * Level 2.9 Polearms
 - Level 1.7 Throwing
 * Level 0.7 Armour
 - Level 2.6 Dodging


You had one spell level left.
You didn't know any spells.
Your spell library was empty.

Dungeon Overview and Level Annotations

Branches:
Dungeon (1/15)

Shops:
D:2 *


Innate Abilities, Weirdness & Mutations

Your attributes grow dramatically as you level up.
You have an increased reservoir of magic. (+10% MP)
You shall have no god before yourself.


Message History

The throwing net barely misses the ball python.
The throwing net closely misses the goblin.
The kobold barely misses you.
Okay, then.
You aren't carrying any potions.
Unknown command.
You aren't carrying any scrolls.
Unknown command.
You aren't carrying any pieces of jewellery.
Unknown command.
Okay, then.
Okay, then.
You aren't carrying any scrolls.
Unknown command.
Press: ? - help, v - describe, . - travel
Here: a kobold, wielding a +0 dagger The floor.
A gnoll comes into view. It is wielding a +0 flail.
A gnoll comes into view. It is wielding a +0 halberd.
The kobold closely misses you. The ball python closely misses you. x2
The ball python misses you. The ball python closely misses you.
You aren't carrying any scrolls.
The ball python bites you.
* * * LOW HITPOINT WARNING * * *
The ball python grabs you. The ball python constricts you.
You escape the ball python's grasp.
The gnoll shouts!
The gnoll closely misses you. The ball python barely misses you.
The ball python grabs you. The ball python constricts you.
A gnoll comes into view. It is wielding a +0 spear.
You escape the ball python's grasp.
The gnoll barely misses you.
You see here 2 throwing nets.
The ball python bites you.
* * * LOW HITPOINT WARNING * * *
The ball python grabs you. The ball python constricts you.
An adder comes into view.
The gnoll hits you from afar with a +0 halberd!
Ouch! That really hurt!
You die...

#. #.......#..# ############
#.. #........S## #..........#
...###..........###..........#
............g.................#
....##........#g.###..........#
#..8†∩.<.8...#..# #..........#
##>..##########.###g.........#
...!#. #(SgK.###....### ### #.
#@###g.##.K...## #. #.#
##.#.......# #. #.# #.g.......#
#. #.# ###.......# ## #.#
##.....## #.# #......(# #..
#.......# ##. #.......#
##.....##


You could see 3 gnolls, an adder (wandering), a ball python and a kobold.

Vanquished Creatures
  An adder (D:2)
  A bat (D:2)
2 creatures vanquished.

Notes
Turn   | Place    | Note
-------+----------+-------------------------------------------
     0 | D:1      | Amplified the Demigod Gladiator began the quest for the
                  | Orb.
     0 | D:1      | Reached XP level 1. HP: 17/17 MP: 3/3
    25 | D:1      | You fall into a shaft and drop 1 floor!
    61 | D:2      | Found Uligg's General Store.
    75 | D:2      | Reached XP level 2. HP: 8/24 MP: 4/4
   112 | D:2      | Mangled by a gnoll

Illustrated notes

Levels and vault maps discovered:
D:1:      nicolae_arrival_somewhat_less_tricky_arrival, layout_basic,
          serial_shops, shop, shapermc_ecumenical_altar_totnotflames,
          chequers_serial_rivers_micro_d
D:2:      layout_rooms, serial_shops, shop_statue, kennysheep_generic_room_7

Skill      XL: |  1 |
---------------+----+-----
Fighting       | 2 |  2.0
Polearms       | |  2.9
Throwing       | |  1.7
Armour         | |  0.7
Dodging        | |  2.6

Action                   || total
-------------------------++-------
Melee: Trident           ||     8
Throw: Throwing net      ||     3
 Stab: Held in net/web   ||     2
       Sleeping          ||     1
Armor: Leather armour    ||     7
Dodge: Dodged            ||    18
